 Dungeon Crawl Stone Soup version 0.18-a0-596-g6468885 (webtiles) character file.

129 Raultor the Vexing (level 4, -13/30 HPs)
             Began as a Vampire Enchanter on Dec 3, 2015.
             Killed by divine providence
             ... invoked by an orc priest
              (14 damage)
             ... on level 3 of the Dungeon.
             The game lasted 00:09:55 (2802 turns).

Raultor the Vexing (Vampire Enchanter)              Turns: 2802, Time: 00:09:56

Health: -13/30     AC:  0    Str:  2    XL:     4   Next: 88%
Magic:  0/7        EV: 20    Int: 17    God:
Gold:   83         SH:  0    Dex: 20    Spells: 3 memorised, 1 level left

rFire  . . .     SeeInvis +     (weapon currently unavailable)
rCold  + + .     Clarity  .     (armour currently unavailable)
rNeg   + + +     SustAt   .     (shield currently unavailable)
rPois  +         Gourm    .     (helmet currently unavailable)
rElec  .         Spirit   .     (cloak currently unavailable)
rCorr  .         Dismiss  .     (gloves currently unavailable)
rMut   .         Stasis   .     (boots currently unavailable)
MR     .....                    (no amulet)
Stlth  ++++......               (ring currently unavailable)
                                (ring currently unavailable)

@: bat-form, flying, very slightly contaminated, regenerating slowly, very
quick, not resistant to hostile enchantments, stealthy
A: fangs 3, see invisible, (unbreathing)
a: End Transformation


You were on level 3 of the Dungeon.
You were near bloodless.
You were in vampire-bat-form.
You visited 1 branch of the dungeon, and saw 3 of its levels.

You collected 83 gold pieces.

Inventory:

Hand Weapons
 a - a +1 dagger (melded)
Armour
 b - a +1 robe
 t - a +2 leather armour of cold resistance (melded)
   (You took it off an orc on level 3 of the Dungeon)
Jewellery
 v - an uncursed amulet of clarity {unknown}
   (You took it off an orc on level 3 of the Dungeon)
Scrolls
 e - a scroll of identify {unknown}
 f - a scroll of remove curse {unknown}
 g - a scroll of random uselessness {unknown}
 j - 2 scrolls of magic mapping {unknown}
 l - a scroll of blinking {unknown}
 n - a scroll of amnesia {unknown}
 q - a scroll of fog {unknown}
 r - a scroll of teleportation {unknown}
 w - a scroll of enchant weapon {unknown}
Potions
 d - 11 potions of blood {@q1}
 h - 2 potions of haste {unknown}
 i - a potion of ambrosia {unknown}
 k - a potion of might {unknown}
 m - a potion of poison {unknown}
 o - a potion of cure mutation {unknown}
 p - a potion of heal wounds {unknown}
 s - a potion of agility {unknown}
 u - a potion of flight {unknown}
 x - a potion of curing {unknown}
Books
 c - a book of Maledictions


   Skills:
 + Level 2.8 Short Blades
 - Level 2.1 Dodging
 + Level 5.2 Stealth
 - Level 2.0 Spellcasting
 * Level 5.9 Hexes
 * Level 2.0 Ice Magic


You had one spell level left.
You knew the following spells:

 Your Spells              Type           Power        Failure   Level  Hunger
a - Ensorcelled Hibernat  Hex/Ice        ###...       6%          2    ###....
b - Tukima's Dance        Hex            ###.....     8%          3    ###....
v - Corona                Hex            ###....      1%          1    #......


Dungeon Overview and Level Annotations

Branches:
Dungeon (3/15)

Altars:
Okawaru
Xom


Innate Abilities, Weirdness & Mutations

You heal slowly.
You have razor-sharp teeth.
You have supernaturally acute eyesight.
((You can survive without breathing.))


Message History

You barely miss the adder. The adder bites you but does no damage.
You closely miss the adder. The adder bites you.
You take 3 damage, and have 27/30 hp.
You miss the adder. The adder closely misses you.
You hit the adder. The adder bites you.
You take 1 damage, and have 26/30 hp.
You closely miss the adder. The adder barely misses you.
You hit the adder but do no damage. The adder closely misses you.
The adder bites you but does no damage.
You hit the adder. The adder misses you.
You barely miss the adder. The adder bites you but does no damage.
You hit the adder. The adder barely misses you.
You hit the adder. The adder bites you.
You take 3 damage, and have 23/30 hp.
You closely miss the adder. The adder bites you but does no damage.
You hit the adder. The adder bites you but does no damage.
You hit the adder.
You kill the adder!
Your Ice Magic skill increases to level 2!
No target in view!
No target in view!
No target in view!
No target in view!
No target in view!
No target in view!
No target in view!
No target in view!
An orc comes into view. It is wielding a dagger.
An orc comes into view. It is wielding a whip.
The orc shouts!
Your magical contamination has completely faded away.
You hit the orc but do no damage. The orc closely misses you.
You hit the orc. You hit the orc. The orc hits you but does no damage.
You closely miss the orc. The orc misses you.
You hit the orc but do no damage. The orc hits you but does no damage.
You barely miss the orc. You bite the orc.
You draw the orc's blood!
You feel better.
You feel slightly less thirsty.
You kill the orc!
You regained 2 hp, and now have 27/30 hp.
Things that are here:
a whip; a leather armour You start resting.
Health restored: 30; MP restored: 7
Found an escape hatch in the ceiling.
Found a stone staircase leading down.
j - 2 scrolls labeled MIEFRU WEOSO (gained 1)
Found an escape hatch in the floor.
Found a stone staircase leading up.
You now have 83 gold pieces (gained 10).
A kobold comes into view.
The helpless kobold fails to defend itself.
You bite the kobold, and draw its blood!
You feel slightly less thirsty.
You impale the kobold!!
You kill the kobold!
The orc is too close now for your liking.
An orc priest comes into view. It is wielding a mace.
Aim: an orc priest, wielding a mace (hasn't noticed you, chance to defeat MR: 78%)
You miscast Tukima's Dance.
You are very lightly contaminated with residual magic.
The light around you dims momentarily.
The orc shouts!
The orc priest shouts!
An orc priest comes into view. It is wielding a club.
You now have 4/7 mp.
Aim: an orc priest, wielding a mace (chance to defeat MR: 78%)
The mace dances into the air!
You now have 1/7 mp.
You don't have enough magic to cast that spell.
The orc priest looks braver for a moment.
You barely miss the orc. The bat barely misses your mace.
The orc hits you but does no damage.
You hit the orc. The orc hits you with a dagger.
You take 2 damage, and have 28/30 hp.
You hit the orc. The orc hits you but does no damage.
The orc priest mumbles some strange prayers to Beogh against you.
Something smites you!
You take 10 damage, and have 18/30 hp.
MASSIVE DAMAGE!!
You barely miss the orc.
The orc priest miscasts a cantrip.
The orc hits you with a dagger.
A bat comes into view.
You take 3 damage, and have 15/30 hp.
You hit the orc.
You kill the orc!
The bat hits your mace but does no damage.
The orc priest invokes the aid of Beogh against you.
Something smites you!
* * * LOW HITPOINT WARNING * * *
Your mace hits the orc priest.
The orc priest looks braver for a moment.
You take 14 damage, and have 1/30 hp.
MASSIVE DAMAGE!!
You turn into a vampire bat.
Your +1 dagger melds into your body.
Your +2 leather armour of cold resistance melds into your body.
You feel less resistant to cold. The bat hits your mace.
The bat hits your mace but does no damage.
The orc priest calls down the wrath of Beogh upon you.
Something smites you!
You die...

.........................###
....................<......#
.........................#.#
......(..................#.#
###(..#####..............#.#
...# #..†...........#.# ...#
#..............#.# .....
######.###.......# ......
#b# #.####### o.....
##)###.### #........#
######........#
#....oo.......#
#....b(####.###
#......####.# #.o.........#
#......######


You could see 2 orc priests, a bat and a friendly mace.

Vanquished Creatures
  7 adders
  An ooze (D:1)
  3 giant geckos
  7 orcs (D:3)
  3 ball pythons
  2 bats
  6 goblins (D:1)
  5 hobgoblins
  4 giant cockroaches
  A giant newt (D:2)
  8 kobolds
  4 rats
51 creatures vanquished.

Vanquished Creatures (collateral kills)
  4 orcs (D:3)
4 creatures vanquished.

Grand Total: 55 creatures vanquished

Notes
Turn   | Place    | Note
--------------------------------------------------------------
     0 | D:1      | Raultor the Vampire Enchanter began the quest for the Orb.
     0 | D:1      | Reached XP level 1. HP: 13/13 MP: 3/3
    81 | D:1      | HP: 2/13 [kobold/short sword (6)]
   396 | D:1      | Reached XP level 2. HP: 19/19 MP: 5/5
   400 | D:1      | Learned a level 2 spell: Ensorcelled Hibernation
   566 | D:1      | Reached skill level 5 in Hexes
   827 | D:1      | Reached skill level 1 in Ice Magic
   871 | D:1      | Reached XP level 3. HP: 18/24 MP: 6/6
   876 | D:1      | Learned a level 3 spell: Tukima's Dance
  1146 | D:2      | Found a shimmering altar of Xom.
  1347 | D:2      | Found an iron altar of Okawaru.
  1370 | D:2      | Reached skill level 2 in Short Blades
  1394 | D:2      | Reached skill level 5 in Stealth
  2039 | D:3      | Reached XP level 4. HP: 30/30 MP: 2/7
  2621 | D:3      | Reached skill level 2 in Ice Magic
  2801 | D:3      | HP: 1/30 [orc priest/divine providence (14)]
  2802 | D:3      | Killed from afar by an orc priest

Vault maps used:
D:1:      saegor_arrival_miasma, kennysheep_minor_cross
D:2:      xom_teletrap_fun, okawaru_ov_weapons_minmay

Action                   |  1- 3 |  4- 6 || total
-------------------------+-------+-------++-------
Melee: Dagger            |   111 |    54 ||   165
 Cast: Ensorcelled Hiber |    10 |     6 ||    16
       Tukima's Dance    |     1 |     5 ||     6
 Abil: Bat Form          |       |     1 ||     1
 Stab: Sleeping          |    16 |     7 ||    23
  Eat: Corpse            |     3 |       ||     3

Vault maps used:
D:1:      saegor_arrival_miasma, kennysheep_minor_cross
D:2:      xom_teletrap_fun, okawaru_ov_weapons_minmay

Table legend:
 A = Turns spent in this place as a percentage of turns spent in the entire game.
 B = Non-inter-level travel turns spent in this place as a percentage of non-inter-level travel turns spent in the entire game.
 C = Inter-level travel turns spent in this place as a percentage of turns spent in this place.
 D = Turns resting spent in this place as a percentage of non-inter-level travel turns spent in this place.
 E = Turns spent auto-exploring this place as a percentage of non-inter-level travel turns spent in this place.
 F = Non-inter-level travel turns spent in this place divided by the number of levels of this place that you've seen.
                   A       B       C       D       E      F
               +-------+-------+-------+-------+-------+----------------------
         Total | 100.0 | 100.0 |   0.5 |   2.8 |  12.3 | 202.7
       Dungeon | 100.0 | 100.0 |   0.5 |   2.8 |  12.3 | 202.7
               +-------+-------+-------+-------+-------+----------------------

Table legend:
 A = Kills in this place as a percentage of kills in entire the game.
 B = Kills by you in this place as a percentage of kills by you in the entire game.
 C = Kills by friends in this place as a percentage of kills by friends in the entire game.
 D = Other kills in this place as a percentage of other kills in the entire game.
 E = Experience gained in this place as a percentage of experience gained in the entire game.
 F = Experience gained in this place divided by the number of levels of this place that you have seen.
                   A       B       C       D       E      F
               +-------+-------+-------+-------+-------+----------------------
         Total | 100.0 | 100.0 | 100.0 |  -nan | 100.0 |  61.7
       Dungeon | 100.0 | 100.0 | 100.0 |  -nan | 100.0 |  61.7
               +-------+-------+-------+-------+-------+----------------------
